 Dungeon Crawl Stone Soup version 0.20.0 (webtiles) character file.

15 chickenpie the Digger (level 2, 0/15 HPs)
             Began as a Gargoyle Earth Elementalist on June 6, 2017.
             Slain by a bat (1 damage)
             ... on level 1 of the Dungeon.
             The game lasted 00:03:00 (1131 turns).

chickenpie the Digger (Gargoyle Earth Elementalist) Turns: 1131, Time: 00:03:00

Health: 0/15       AC:  5    Str: 11    XL:     2   Next: 50%
Magic:  5/5        EV: 11    Int: 21    God:
Gold:   43         SH:  0    Dex: 10    Spells: 4/5 levels left

rFire    . . .     SeeInvis .   (no weapon)
rCold    . . .     Gourm    .   (no shield)
rNeg     + . .     Faith    .   f - +0 leather armour
rPois    ∞         Spirit   .   (no helmet)
rElec    +         Reflect  .   (no cloak)
rCorr    +         Harm     .   (no gloves)
MR       .....                  (no boots)
Stlth    ++........             (no amulet)
Regen    0.1/turn               h - ring of resist corrosion (curse)
MPRegen  0.1/turn               k - +6 ring of intelligence

@: no status effects
A: negative energy resistance 1, electricity resistance, unbreathing,
petrification resistance, rot immunity, AC +2
a: no special abilities


You were on level 1 of the Dungeon.
You were not hungry.

You visited 1 branch of the dungeon, and saw 1 of its levels.

You collected 43 gold pieces.

Inventory:

Missiles
 b - 32 stones (quivered)
Armour
 c - a +0 robe
 f - a +0 leather armour (worn)
Jewellery
 h - a cursed ring of resist corrosion (left hand)
 k - a +6 ring of intelligence (right hand)
Scrolls
 g - a scroll of immolation {unknown}
 i - a scroll of fog {unknown}
 j - a scroll of identify {unknown}
 n - a scroll of blinking {unknown}
Potions
 a - a potion of cancellation {unknown}
 m - a potion of flight {unknown}
Books
 e - a book of Geomancy

   Spells                             Type                      Level
   a - Sandblast                      Earth                        1
   b - Passwall                       Transmutation/Earth          2
   c - Stone Arrow                    Conjuration/Earth            3
   d - Petrify                        Transmutation/Earth          4
   e - Lee's Rapid Deconstruction     Earth                        5
Comestibles
 d - 2 bread rations
 l - a royal jelly


   Skills:
 + Level 0.4 Armour
 + Level 1.8 Dodging
 + Level 2.5 Stealth
 + Level 0.4 Unarmed Combat
 + Level 2.0 Spellcasting
   Level 0.7 Transmutations
 + Level 3.9 Earth Magic


You had 4 spell levels left.
You knew the following spells:

 Your Spells              Type           Power        Failure   Level  Hunger
a - Sandblast             Erth           ###...       3%          1    #......


Dungeon Overview and Level Annotations

Branches:
Dungeon (1/15)

Altars:


Innate Abilities, Weirdness & Mutations

You are resistant to torment.
Your stone body is resilient. (AC +2)
You are immune to poison.
You resist negative energy. (rN+)
You are resistant to electric shocks. (rElec)
You can survive without breathing.
You are immune to petrification.
You are immune to rotting.


Message History

You see here a bat corpse.
You barely miss the bat. The bat barely misses you. The bat misses you.
The bat closely misses you.
You see here a frilled lizard corpse.
The bat hits you but does no damage. The bat closely misses you.
You miss the bat. The bat hits you but does no damage.
The bat barely misses you. The bat hits you but does no damage.
Your leather armour prevents you from hitting the bat.
The bat hits you.
* * * LOW HITPOINT WARNING * * *
The bat barely misses you. The bat hits you but does no damage.
The bat barely misses you. The bat hits you but does no damage.
The bat barely misses you. The bat closely misses you.
You hit the bat but do no damage. The bat hits you but does no damage. x2
The bat hits you.
* * * LOW HITPOINT WARNING * * *
The bat hits you.
You die...

##.## #.# #### #.# #.# #.# #.#
#.# #.# ##'## #.# #.# ##...##
#.##### #.### ##.....## #... .#
##...## #......(## ##.## .#
#.....##
.........####...##.######......##
.........'†.†..b@................
.........####.)..#########.....##
#..)....## ##.#.# ###.#.#
##÷÷...## ###.# ###.# ##...## #.#
#.# ##'## #.# #.# #.# #.# #.# #.#
#.# #.# ##.####### #.#


You could see a bat.

Vanquished Creatures
  A leopard gecko (D:1)
  2 goblins (D:1)
  3 hobgoblins (D:1)
  3 bats (D:1)
  2 frilled lizards (D:1)
  3 rats (D:1)
14 creatures vanquished.

Notes
Turn   | Place    | Note
-------+----------+-------------------------------------------
     0 | D:1      | chickenpie the Gargoyle Earth Elementalist began the quest for the Orb.
     0 | D:1      | Reached XP level 1. HP: 10/10 MP: 3/3
   810 | D:1      | Reached XP level 2. HP: 13/15 MP: 5/5
  1131 | D:1      | Slain by a bat

Action                   || total
-------------------------++-------
Melee: Unarmed           ||   145
 Cast: Sandblast         ||     3
  Eat: Royal jelly       ||     1
Armor: Leather armour    ||    96
Dodge: Dodged            ||   151
